 Dungeon Crawl Stone Soup version 0.31-a0-1178-gc5c9b8f871 (webtiles) character file.

Game seed: 2913273138185296617

101 qw the Shooter (level 4, -9/28 HPs)
             Began as a Gargoyle Hunter on Dec 11, 2023.
             Shot with an arrow by a centaur (10 damage)
             ... on level 4 of the Dungeon.
             The game lasted 00:00:46 (3123 turns).

qw the Shooter (Gargoyle Hunter)                    Turns: 3123, Time: 00:00:47

Health: -9/28      AC: 14    Str: 15    XL:     4   Next: 75%
Magic:  4/4        EV: 11    Int:  9    God:
Gold:   147        SH:  0    Dex: 15    Spells: 3/3 levels left

rFire   . . .        a - +1 shortbow
rCold   . . .        (shield currently unavailable)
rNeg    + . .        c - quicksilver dragon scales
rPois   inf          d - +0 helmet
rElec   +            (no cloak)
rCorr   +            (no gloves)
SInv    .            (no boots)
Will    +....        (no amulet)
Stlth   +            m - ring of resist corrosion
HPRegen 0.24/turn    (no ring)
MPRegen 0.09/turn

%: no passive effects
@: about to teleport
A: sickness immunity, AC +3, negative energy resistance 1, electricity
resistance, torment resistance 1, petrification resistance
a: no special abilities


You were on level 4 of the Dungeon.
You visited 1 branch of the dungeon, and saw 4 of its levels.

You collected 147 gold pieces.


Innate Abilities, Weirdness & Mutations

You are immune to sickness and miasma.
Your stone body is resilient. (AC +3)
You are immune to poison.
You resist negative energy. (rN+)
You are resistant to electric shocks. (rElec)
You are resistant to unholy torment.
You are immune to petrification.


   Skills:
 - Level 3.0 Fighting
 - Level 5.2 Ranged Weapons
 + Level 1.8 Armour
 - Level 1.5 Dodging
 - Level 1.1 Stealth


You had 3 spell levels left.
You didn't know any spells.
Your spell library was empty.

Inventory:

Hand Weapons
 a - a +1 shortbow (weapon)
Armour
 c - quicksilver dragon scales (worn)
 d - a +0 helmet (worn)
Jewellery
 m - a ring of resist corrosion (left hand)
Wands
 l - a wand of iceblast (6)
Scrolls
 b - 2 scrolls of teleportation
Potions
 g - a potion of haste
 h - a potion of heal wounds {unknown}
 i - a potion of cancellation {unknown}
 j - a potion of curing
 n - a potion of magic {unknown}
 o - a potion of enlightenment {unknown}

Dungeon Overview and Level Annotations

Branches:
Dungeon (4/15)
 Temple: D:4-7

Altars:
Hepliaklqana
Uskayaw
Vehumet
Yredelemnul

Shops:
D:1 (


Message History

There is an open door here.
You now have 147 gold pieces (gained 12).
A centaur comes into view.
The centaur wields a +0 shortbow.
The centaur shoots an arrow.
The arrow hits you.
The centaur moves out of view.
You start resting.
A goblin comes into view. It is wielding a +0 dagger.
You shoot an arrow. The goblin shouts!
The arrow hits the centaur.
The centaur is lightly wounded.
The centaur shoots an arrow.
The arrow hits you.
The centaur shoots an arrow.
The arrow hits you.
You shoot an arrow. The arrow hits the centaur.
The centaur is lightly wounded.
The centaur shoots an arrow.
The arrow hits you.
You shoot an arrow.
The arrow hits the centaur but does no damage.
The centaur is lightly wounded.
The centaur shoots an arrow.
The arrow barely misses you.
The centaur shoots an arrow.
The arrow hits you but does no damage.
You shoot an arrow.
The arrow completely misses the centaur.
The arrow barely misses the goblin.
The centaur shoots an arrow.
The arrow misses you.
You shoot an arrow.
The arrow hits the centaur but does no damage.
The centaur is lightly wounded.
The centaur shoots an arrow.
The arrow closely misses you.
The centaur shoots an arrow.
The arrow hits you.
The goblin unwields a +0 dagger.
The goblin wields a +0 sling.
The goblin shoots a sling bullet.
The sling bullet hits you but does no damage.
3123 ||| READING 3 scrolls of teleportation.
As you read the scroll of teleportation, it crumbles to dust.
You feel strangely unstable.
The centaur shoots an arrow.
The arrow hits you.
The goblin shoots a sling bullet.
The sling bullet barely misses you.
The centaur shoots an arrow.
The arrow hits you!
You die...

#.###.#####'####### #.#
#.###.....##..# #.#
#.##.......#..# #.#
#..#.......#... ####.#
##.'..._...'...
##....######.......#..#
#.......# #.......#..#
#.......# ##.....##..#
#..#+#@.# ###+###...#
#.. +..# #.......# #.
#cg# ######### #. ..##
# ..# ..## #. ..


You could see a centaur and a goblin.

Vanquished Creatures
  A hound (D:3)
  A hound zombie (D:4)
  A worm (D:3)
  2 dart slugs
  An orc (D:4)
  4 endoplasms
  2 giant cockroaches (D:2)
  2 goblins (D:1)
  2 hobgoblins
  3 jackals (D:4)
  3 quokkas
  6 ball pythons
  5 bats
  3 frilled lizards
  A jackal zombie (D:4)
  6 kobolds
  6 rats
49 creatures vanquished.

Notes
Turn   | Place    | Note
-------+----------+-------------------------------------------
     0 | D:1      | qw the Gargoyle Hunter began the quest for the Orb.
     0 | D:1      | Reached XP level 1. HP: 12/12 MP: 1/1
     0 | D:1      | 0 ||| qw: Version: 0.3-a-106-g2cfff9e
     0 | D:1      | 0 ||| qw: Game counter: 2002
     0 | D:1      | 0 ||| qw: Melee chars always use a shield: true
     0 | D:1      | 0 ||| qw: God list: Okawaru
     0 | D:1      | 0 ||| qw: Allow faded altars: false
     0 | D:1      | 0 ||| qw: Do Orc after clearing Dungeon:15 true
     0 | D:1      | 0 ||| qw: Do second Lair branch before Depths: true
     0 | D:1      | 0 ||| qw: Lair rune preference: random
     0 | D:1      | 0 ||| qw: Goals: Normal, Save, Zot:1-4, Win
     0 | D:1      | 0 ||| PLANNING D:1-11
   112 | D:1      | Found Soorot Xiana's Antique Weapon Boutique.
   285 | D:1      | Reached XP level 2. HP: 17/17 MP: 2/2
   675 | D:1      | 675 ||| UPGRADING to +0 ring mail.
   685 | D:1      | 685 ||| DROPPING +0 leather armour.
   686 | D:1      | 686 ||| READING scroll labelled GAAFUSU OCOINO.
   787 | D:1      | 787 ||| READING scroll labelled TOXTES TETYD.
   787 | D:1      | 787 ||| ENCHANTING +0 shortbow.
   788 | D:1      | 788 ||| DRINKING 2 lumpy clear potions.
   789 | D:1      | 789 ||| DROPPING scroll of butterflies.
   910 | D:2      | Reached skill level 1 in Armour
  1051 | D:2      | Reached XP level 3. HP: 21/21 MP: 3/3
  1058 | D:2      | Found a hazy altar of Hepliaklqana.
  1638 | D:2      | 1638 ||| UPGRADING to quicksilver dragon scales.
  1648 | D:2      | 1648 ||| DROPPING +0 ring mail.
  1649 | D:2      | 1649 ||| READING 2 scrolls labelled IREVIGH ARYEKLE.
  1654 | D:2      | 1654 ||| READING scroll labelled XES NAQIONUS.
  1655 | D:2      | 1655 ||| DRINKING 2 fizzy black potions.
  1656 | D:2      | 1656 ||| DROPPING potion of brilliance.
  1696 | D:3      | Reached skill level 5 in Ranged Weapons
  1696 | D:3      | 1696 ||| STAIRDANCE
  1771 | D:3      | Reached XP level 4. HP: 26/26 MP: 4/4
  2179 | D:3      | Found a hide-covered altar of Uskayaw.
  2300 | D:3      | Found a faded altar of an unknown god.
  2453 | D:3      | 2453 ||| UPGRADING to +0 helmet.
  2458 | D:3      | 2458 ||| UPGRADING to ring of resist corrosion.
  2459 | D:3      | 2459 ||| READING 2 scrolls labelled OMNOYG YJIDWAD.
  2460 | D:3      | 2460 ||| READING scroll labelled FIBONI UTIEHUY.
  2460 | D:3      | 2460 ||| IDENTIFYING puce potion
  2461 | D:3      | 2461 ||| DRINKING 2 emerald potions.
  2462 | D:3      | 2462 ||| DROPPING potion of lignification.
  2463 | D:3      | 2463 ||| DROPPING scroll of revelation.
  2576 | D:4      | Found a radiant altar of Vehumet.
  2580 | D:4      | Reached skill level 3 in Fighting
  2969 | D:4      | Found a basalt altar of Yredelemnul.
  3116 | D:4      | Noticed a centaur
  3122 | D:4      | HP: 4/28 [centaur/arrow (6)]
  3123 | D:4      | 3123 ||| READING 3 scrolls of teleportation.
  3123 | D:4      | HP: 1/28 [centaur/arrow (3)]
  3123 | D:4      | Shot with an arrow by a centaur

Levels and vault maps discovered:
D:1:      kennysheep_arrival_seaside, layout_loops_cross, serial_shops,
          nicolae_shop_back_alley_shop
D:2:      layout_loops_ring, serial_forest, infiniplex_forest_lined_3_way,
          infiniplex_forest_lined_3, infiniplex_forest_lined_3,
          infiniplex_forest_corner_1, infiniplex_forest_end_1,
          infiniplex_forest_clump_long, infiniplex_forest_clump_cross,
          basic_altar, minmay_pentomino_v4
D:3:      layout_loops_ring, nicolae_uskayaw_suspiria,
          shapermc_ecumenical_altar_hornbeckon, minmay_bisected
D:4:      layout_basic, lemuel_zombie_altar_yredelemnul,
          nicolae_vehumet_altar_sigil, kennysheep_mini_moat,
          chequers_serial_rivers_large_b

Skill      XL: |  1  2  3  4 |
---------------+-------------+-----
Armour         | 1 |  1.8
Ranged Weapons | 5 |  5.2
Fighting       | 3 |  3.0
Dodging        | |  1.5
Stealth        | |  1.1

Action                     |  1- 3 |  4- 6 || total
---------------------------+-------+-------++-------
   Fire: Shortbow          |    53 |    74 ||   127
    Use: Scroll            |     4 |     3 ||     7
         Potion            |     2 |     1 ||     3
 Armour: Leather armour    |     3 |       ||     3
         Ring mail         |     1 |       ||     1
         Quicksilver drago |    12 |    36 ||    48
  Dodge: Dodged            |     6 |    29 ||    35

Table legend:
 A = Non-vault XP
 B = Vault XP
 C = Vault XP percentage of total XP
 D = Non-vault monster count
 E = Vault monster count
 F = Vault count percentage of total count
                 A         B        C        D         E       F
            +---------+---------+-------+---------+---------+-------
      Total |     108 |      37 |  25.5 |      38 |      11 |  22.4
            +---------+---------+-------+---------+---------+-------
        D:1 |      18 |       0 |   0.0 |      12 |       0 |   0.0
        D:2 |      10 |      10 |  50.0 |       6 |       4 |  40.0
        D:3 |      58 |       6 |   9.4 |       9 |       5 |  35.7
        D:4 |      22 |      21 |  48.8 |      11 |       2 |  15.4
            +---------+---------+-------+---------+---------+-------
